 Dungeon Crawl Stone Soup version 0.29.1-1-gd02db6906a (webtiles) character file.

Game seed: 5854912552727038328

70 gzilladon the Chopper (level 4, -1/40 HPs)
             Began as a Hill Orc Monk on Sept 27, 2022.
             Slain by an iguana (4 damage)
             ... on level 3 of the Dungeon.
             The game lasted 00:07:39 (2650 turns).

gzilladon the Chopper (Hill Orc Monk)               Turns: 2650, Time: 00:07:39

Health: -1/40      AC:  9    Str: 15    XL:     4   Next: 21%
Magic:  4/4        EV:  7    Int: 10    God:
Gold:   138        SH:  0    Dex: 13    Spells: 3/3 levels left

rFire   . . .      SeeInvis .   a - +0 hand axe
rCold   . . .      Faith    .   (no shield)
rNeg    . . .      Spirit   .   s - +0 chain mail
rPois   .          Reflect  .   n - +0 helmet
rElec   .          Harm     .   (no cloak)
rCorr   .          Rampage  .   (no gloves)
Will    .....                   (no boots)
Stlth   ..........              (no amulet)
HPRegen 0.13/turn               (no ring)
MPRegen 0.09/turn               (no ring)

@: no status effects
A: no striking features
a: no special abilities


You were on level 3 of the Dungeon.
You visited 1 branch of the dungeon, and saw 3 of its levels.

You collected 138 gold pieces.

Inventory:

Hand Weapons
 a - a +0 hand axe (weapon)
 f - a +0 whip of flaming
Missiles
 d - 8 stones (quivered)
 h - 2 poisoned darts
Armour
 b - a +0 robe
 e - a +0 leather armour
 n - a +0 helmet (worn)
 p - a +0 scale mail
 s - a +0 chain mail (worn)
Jewellery
 m - a ring of magical power
Scrolls
 g - 2 scrolls of fog {unknown}
 j - 3 scrolls of identify {unknown}
 k - a scroll of torment {unknown}
 l - a scroll of fear {unknown}
 o - a scroll of enchant weapon {unknown}
 q - a scroll of poison {unknown}
Potions
 i - a potion of cancellation {unknown}
 r - a potion of lignification {unknown}
 t - 2 potions of attraction {unknown}
 u - a potion of brilliance {unknown}


   Skills:
 + Level 4.1 Fighting
 * Level 5.4 Axes
 + Level 0.8 Armour
 + Level 2.9 Dodging
 - Level 1.5 Stealth


You had 3 spell levels left.
You didn't know any spells.
Your spell library contained the following spells:

 Spells                   Type           Power      Damage    Failure   Level
 Conjure Ball Lightning   Conj/Air       0%         3x3d6     100%        6
 Discord                  Hex            0%         N/A       100%        8
 Disjunction              Tloc           0%         N/A       100%        8


Dungeon Overview and Level Annotations

Branches:
Dungeon (3/15)

Altars:

Shops:
D:1 (


Message History

The iguana barely misses you. The iguana closely misses you.
You bump into the metal wall.
The iguana bites you.
* * * LOW HITPOINT WARNING * * *
The iguana bites you but does no damage.
The iguana bites you.
You hit the iguana but do no damage.
The iguana is lightly wounded.
The iguana bites you.
* * * LOW HITPOINT WARNING * * *
The iguana bites you but does no damage.
You hit the iguana.
The iguana is lightly wounded.
The iguana bites you but does no damage.
You closely miss the iguana.
The iguana is lightly wounded.
You feel less invigorated.
You feel less confused.
The iguana bites you but does no damage.
You barely miss the iguana.
The iguana is lightly wounded.
The iguana bites you.
You hit the iguana but do no damage.
The iguana is lightly wounded.
The iguana barely misses you.
You hit the iguana but do no damage.
The iguana is lightly wounded.
The iguana bites you.
You hit the iguana.
The iguana is lightly wounded.
The iguana bites you!
* * * LOW HITPOINT WARNING * * *
You hit the iguana but do no damage.
The iguana is lightly wounded.
The iguana bites you.
* * * LOW HITPOINT WARNING * * *
You barely miss the iguana.
The iguana is lightly wounded.
The iguana bites you.
You die...

#. ##. ..# >.# ## .. #.#
...####.## #.# #....#..#
#.# ......#.###.###
#..#...@.##.#..
#.....l)##.#.#
.....#.#..!..#.#
#[.......###.#.# # ##.#
#..#...###.....# #. ..#
#...## #.#.### #. ..#
..## #.#... ....#
##########.#########..#.#
..........#..........#


You could see an iguana.

Vanquished Creatures
  An adder (D:3)
  A worm (D:2)
  A dart slug (D:2)
  5 endoplasms
  3 giant cockroaches
  6 goblins
  7 hobgoblins
  5 quokkas (D:1)
  4 ball pythons (D:2)
  5 bats
  3 frilled lizards
  3 kobolds
  3 rats
47 creatures vanquished.

Notes
Turn   | Place    | Note
-------+----------+-------------------------------------------
     0 | D:1      | gzilladon the Hill Orc Monk began the quest for the Orb.
     0 | D:1      | Reached XP level 1. HP: 19/19 MP: 1/1
   370 | D:1      | Reached XP level 2. HP: 12/27 MP: 2/2
  1258 | D:1      | Found Xunwyjab's Antique Weapon Shop.
  1383 | D:1      | Reached XP level 3. HP: 33/33 MP: 3/3
  1781 | D:2      | Reached skill level 5 in Axes
  2441 | D:2      | Found a faded altar of an unknown god.
  2599 | D:3      | Reached XP level 4. HP: 40/40 MP: 4/4
  2650 | D:3      | Slain by an iguana

Illustrated notes

Levels and vault maps discovered:
D:1:      dpeg_arrival_circle_labyrinth_a, layout_basic, serial_shops,
          nicolae_shop_behind_doors, kennysheep_minor_cross
D:2:      minmay_razor_zed, layout_basic, nicolae_ecumenical_oubliette
D:3:      minmay_skewed_foursquare, layout_basic, bloody_makhleb,
          minmay_joined_circles

Skill      XL: |  1  2  3 |
---------------+----------+-----
Fighting       | 4 |  4.1
Axes           | 5 |  5.4
Armour         | |  0.8
Dodging        | |  2.9
Stealth        | |  1.5

Action                   |  1- 3 |  4- 6 || total
-------------------------+-------+-------++-------
Melee: Hand axe          |   141 |    19 ||   160
       Punch             |     1 |       ||     1
  Use: Potion            |       |     1 ||     1
 Stab: Sleeping          |     1 |       ||     1
Armor: Robe              |    13 |       ||    13
       Leather armour    |    29 |       ||    29
       Scale mail        |     9 |       ||     9
       Chain mail        |     5 |    15 ||    20
Dodge: Dodged            |   115 |    11 ||   126
